 Dungeon Sprint DCSS version 0.30-a0-459-g9104f0fc43 (webtiles) character file.

Game seed: 4256883839348450021

24805 rocky1 the Contemplative (level 12, -2/95 (103) HPs)
             Began as a Demonspawn Hedge Wizard on Dec 16, 2022.
             Was a Priest of Cheibriados.
             Slain by a freezing wraith (6 damage)
             ... summoned by a vampire mage
             ... in the Dungeon (Sprint VII: "The Pits").
             The game lasted 00:24:42 (5159 turns).

rocky1 the Contemplative (Demonspawn Hedge Wizard)  Turns: 5159, Time: 00:24:43

HP:   -2/95 (103)   AC: 21    Str: 22    XL:     12   Next: 83%
MP:   0/26          EV: 20    Int: 27    God:    Cheibriados [***...]
Gold: 40            SH:  4    Dex: 22    Spells: 20/31 levels left

rFire   + + .      SeeInvis .    a - +2 scimitar (protect)
rCold   + . .      Faith    .    (no shield)
rNeg    . . .      Spirit   +    f - +3 leather armour {rF+}
rPois   .          Reflect  .    c - +2 hat
rElec   .          Harm     .    C - scarf {rC+ rF+}
rCorr   .          Rampage  .    (no gloves)
Will    .....      NoTele   +    (no boots)
Stlth   ++++++....               (no amulet)
HPRegen 0.35/turn                l - +3 ring of protection
MPRegen 0.40/turn                m - +3 ring of strength

@: under a protective aura, slowed, drained, very slow
A: magic shield, magic regeneration, sharp scales 2, condensation shield,
weakness stinger 1
a: Renounce Religion, Bend Time, Temporal Distortion


You were in the Dungeon.
You worshipped Cheibriados.
Cheibriados was most pleased with you.
You visited 1 branch You collected 40 gold pieces.

Inventory:

Hand Weapons
 a - a +2 scimitar of protection (weapon)
 b - a +2 rapier of flaming
 h - a +2 long sword of flaming
 q - a +1 dagger of venom
Missiles
 s - 4 throwing nets
 D - 5 poisoned darts
Armour
 c - a +2 hat (worn)
 f - a +3 leather armour of fire resistance (worn)
 r - a +2 robe of cold resistance
 C - a scarf of resistance (worn)
Jewellery
 l - a +3 ring of protection (left hand)
 m - a +3 ring of strength (right hand)
 y - a ring of protection from fire
 A - a ring of magical power
 B - a ring of willpower
Scrolls
 j - 5 scrolls of amnesia
 k - a scroll of butterflies
 t - 5 scrolls of enchant armour
 w - 3 scrolls of identify
 x - 2 scrolls of enchant weapon
Potions
 d - 5 potions of magic
 e - 12 potions of heal wounds
 g - 7 potions of curing
 n - 3 potions of might
 o - 2 potions of brilliance
 p - 3 potions of mutation
 z - a potion of flight


   Skills:
 + Level 12.4 Fighting
 - Level 5.2(9.5) Short Blades
 + Level 12.3(12.8) Long Blades
 - Level 9.4 Armour
 - Level 10.3 Dodging
 + Level 13.9 Stealth
 + Level 10.2 Spellcasting
 + Level 8.8 Conjurations
 - Level 5.1 Summonings
 - Level 4.6 Translocations
 - Level 5.4 Air Magic
 - Level 5.4 Poison Magic
 - Level 15.2 Invocations


You had 20 spell levels left.
You knew the following spells:

 Your Spells              Type           Power      Damage    Failure   Level
a - Magic Dart            Conj           100%       1d8       1%          1
b - Blink                 Tloc           76%        N/A       1%          2
c - Mephitic Cloud        Conj/Pois/Air  49%        N/A       1%          3
d - Slow                  Hex            52%        N/A       4%          1
e - Call Imp              Summ           41%        N/A       1%          2
f - Cigotuvi's Dreadful   Necr/Pois/Air  66%        N/A       1%          2

Your spell library contained the following spells:

 Spells                   Type           Power      Damage    Failure   Level


Dungeon Overview and Level Annotations

Branches:
Dungeon (1/1)

Altars:
Ashenzari
Cheibriados
Dithmenos
Fedhas
Gozag
Hepliaklqana
Kikubaaqudgha
Makhleb
Nemelex Xobeh
Okawaru
Qazlal
Ru
Sif Muna
Trog
Uskayaw
Vehumet
Wu Jian
Xom
Yredelemnul
Jiyva
Lugonu


Innate Abilities, Weirdness & Mutations

When hurt, damage is shared between your health and your magic reserves.
You regenerate magic rapidly.
You are mostly covered in razor-sharp scales. (AC +2, Slay +2)
A meltable shield of frost defends you. (SH +4)
You have a small tail.


Message History

You block the freezing wraith's attack.
Unknown command.
Okay, then.
The flow of time bends around you.
Cheibriados rebukes something.
Cheibriados rebukes the freezing wraith.
The freezing wraith seems to slow down.
Cheibriados rebukes something.
Something draws life force from you! Something hits you!
Something drains your vigour!
You feel as though you will be slow longer.
The freezing wraith hits you!
* * * LOW HITPOINT WARNING * * *
The freezing wraith freezes you! You resist.
* * * LOW HITPOINT WARNING * * *
The freezing wraith hits you but does no damage.
Okay, then.
Okay, then.
Okay, then.
Okay, then.
You slash something!
Your weapon exudes an aura of protection.
You tail-slap something. You block something's attack.
Something bites you but does no damage. You block the freezing wraith's attack.
The freezing wraith closely misses you. Something hits you!
* * * LOW HITPOINT WARNING * * *
Unknown command.
You hit something but do no damage. Something closely misses you.
Something barely misses you. x2
Unknown command.
You closely miss something. You block the freezing wraith's attack.
The freezing wraith hits you but does no damage.
Something completely misses you. Something bites you but does no damage.
Unknown command.
You barely miss something. Something hits you!
* * * LOW HITPOINT WARNING * * *
Something drains your vigour!
You feel as though you will be slow longer.
The freezing wraith misses you. The freezing wraith hits you.
You die...

###################+#
................{W).#
..........(....)@{.)#
##++##############).#
#).# #..# #..# #[.#
#..# #.)# #..#


You could see a freezing wraith (summoned, slow).

Vanquished Creatures
  A lich (D)
  Polyphemus (D)
  A death cob (D)
  2 frost giants (D)
  A deep elf sorcerer (D)
  A vampire knight (D)
  A black draconian (D)
  A deep elf demonologist (D)
  A deep elf annihilator (D)
  A deep elf death mage (D)
  Harold (D)
  A boulder beetle (D)
  2 two-headed ogres (D)
  A death yak (D)
  2 alligators (D)
  A vampire mage (D)
  A deep troll (D)
  A bog body (D)
  A lindwurm (D)
  An orc knight (D)
  A deep elf pyromancer (D)
  An orc sorcerer (D)
  A cyclops (D)
  2 elephants (D)
  A merfolk siren (D)
  A black mamba (D)
  2 orange demons (D)
  A demonic crawler (D)
  A rime drake (D)
  A hellwing (D)
  A troll (D)
  A merfolk (D)
  3 blink frogs (D)
  A jumping spider (D)
  An air elemental (D)
  A vampire (D)
  A wraith (D)
  A redback (D)
  6 vampire mosquitoes (D)
  A warg (D)
  Edmund (D)
  An acid dragon (D)
  3 water moccasins (D)
  2 floating eyes (D)
  Duvessa (D)
  2 orc warriors (D)
  A centaur (D)
  6 wolves (D)
  2 phantoms (D)
  2 bullfrogs (D)
  A gnoll sergeant (D)
  2 scorpions (D)
  Dowan (D)
  An iguana (D)
  2 hell rats (D)
  3 orc wizards (D)
  4 gnolls (D)
  An adder (D)
  A white imp (D)
  An adder zombie (D)
  An adder skeleton (D)
  3 orcs (D)
  An endoplasm (D)
  A ball python (D)
  A bat (D)
  A frilled lizard (D)
98 creatures vanquished.

Notes
Turn   | Place    | Note
-------+----------+-------------------------------------------
     0 | D        | rocky1 the Demonspawn Hedge Wizard began the quest for the
                  | Orb.
     0 | D        | Reached XP level 1. HP: 13/13 MP: 4/4
    11 | D        | Noticed a scorpion
    24 | D        | Killed a scorpion
    25 | D        | Gained mutation: You have a small tail. [demonic ancestry]
    25 | D        | Reached XP level 2. HP: 23/23 MP: 0/6
    25 | D        | Reached XP level 3. HP: 28/28 MP: 0/8
   159 | D        | Found a bloodstained altar of Trog.
   159 | D        | Found a shimmering blue altar of Sif Muna.
   159 | D        | Found a viscous altar of Jiyva.
   159 | D        | Found a hazy altar of Hepliaklqana.
   159 | D        | Found an opulent altar of Gozag.
   160 | D        | Found a basalt altar of Yredelemnul.
   160 | D        | Found a shimmering altar of Xom.
   160 | D        | Found an ornate altar of the Wu Jian Council.
   160 | D        | Found a sacrificial altar of Ru.
   160 | D        | Found a stormy altar of Qazlal.
   160 | D        | Found an iron altar of Okawaru.
   160 | D        | Found a sparkling altar of Nemelex Xobeh.
   160 | D        | Found a burning altar of Makhleb.
   160 | D        | Found a blossoming altar of Fedhas.
   160 | D        | Found a shadowy altar of Dithmenos.
   160 | D        | Found a snail-covered altar of Cheibriados.
   163 | D        | Found a corrupted altar of Lugonu.
   163 | D        | Found a radiant altar of Vehumet.
   164 | D        | Found an ancient bone altar of Kikubaaqudgha.
   164 | D        | Found a hide-covered altar of Uskayaw.
   164 | D        | Found a broken altar of Ashenzari.
   171 | D        | Became a worshipper of Cheibriados the Contemplative
   211 | D        | Learned a level 2 spell: Blink
   215 | D        | Learned a level 3 spell: Mephitic Cloud
   217 | D        | Learned a level 1 spell: Slow
   221 | D        | Noticed a floating eye
   226 | D        | Paralysed by a floating eye for 3 turns
   230 | D        | Killed a floating eye
   231 | D        | Reached skill level 1 in Short Blades
   231 | D        | Reached skill level 1 in Long Blades
   231 | D        | Reached skill level 1 in Air Magic
   231 | D        | Reached skill level 1 in Poison Magic
   231 | D        | Gained mutation: You are partially covered in razor-sharp
                  | scales. (AC +1, Slay +1) [demonic ancestry]
   231 | D        | Reached XP level 4. HP: 28/35 MP: 10/10
   231 | D        | Reached XP level 5. HP: 33/41 MP: 11/11
   379 | D        | Reached * piety under Cheibriados
   518 | D        | Noticed a floating eye
   521 | D        | Paralysed by a floating eye for 2 turns
   528 | D        | Paralysed by a floating eye for 3 turns
   535 | D        | Paralysed by a floating eye for 2 turns
   537 | D        | Reached ** piety under Cheibriados
   538 | D        | Reached skill level 1 in Invocations
   538 | D        | Killed a floating eye
   539 | D        | Reached skill level 2 in Invocations
   539 | D        | Gained mutation: You regenerate magic rapidly. [demonic
                  | ancestry]
   539 | D        | Reached XP level 6. HP: 40/48 MP: 11/13
   613 | D        | Reached *** piety under Cheibriados
   779 | D        | Noticed Dowan
   780 | D        | Noticed a warg
   791 | D        | Killed Dowan
   792 | D        | Reached skill level 3 in Invocations
   799 | D        | Reached **** piety under Cheibriados
   800 | D        | Reached skill level 5 in Spellcasting
   853 | D        | Killed a warg
   854 | D        | Reached skill level 1 in Armour
   854 | D        | Reached skill level 5 in Stealth
   854 | D        | Gained mutation: You are mostly covered in razor-sharp
                  | scales. (AC +2, Slay +2) [demonic ancestry]
   854 | D        | Reached XP level 7. HP: 12/55 MP: 14/14
   971 | D        | Noticed Duvessa
   974 | D        | Killed Duvessa
   975 | D        | Reached skill level 4 in Invocations
   982 | D        | Noticed Edmund
   992 | D        | Killed Edmund
   993 | D        | Reached skill level 5 in Summonings
  1071 | D        | Reached skill level 5 in Dodging
  1071 | D        | Reached skill level 5 in Conjurations
  1184 | D        | Reached ***** piety under Cheibriados
  1211 | D        | Learned a level 2 spell: Call Imp
  1214 | D        | Learned a level 2 spell: Cigotuvi's Dreadful Rot
  1214 | D        | Noticed a demonic crawler
  1225 | D        | Killed a demonic crawler
  1226 | D        | Reached skill level 5 in Fighting
  1226 | D        | Reached skill level 5 in Invocations
  1226 | D        | Reached XP level 8. HP: 13/62 MP: 16/16
  1815 | D        | Noticed a deep elf pyromancer
  1816 | D        | Reached ****** piety under Cheibriados
  1817 | D        | Reached skill level 5 in Air Magic
  1817 | D        | Reached skill level 5 in Poison Magic
  1817 | D        | Reached skill level 6 in Invocations
  1817 | D        | Killed a deep elf pyromancer
  1818 | D        | Reached skill level 5 in Short Blades
  1818 | D        | Gained mutation: When hurt, damage is shared between your
                  | health and your magic reserves. [demonic ancestry]
  1818 | D        | Reached XP level 9. HP: 69/69 MP: 6/18
  1920 | D        | Noticed an orc sorcerer
  1920 | D        | Noticed a two-headed ogre
  1921 | D        | Noticed an orc knight
  1925 | D        | Reached skill level 5 in Long Blades
  1925 | D        | Killed an orc sorcerer
  1926 | D        | Reached skill level 7 in Invocations
  1926 | D        | Killed a two-headed ogre
  1927 | D        | Reached skill level 5 in Armour
  1927 | D        | Reached skill level 8 in Invocations
  1928 | D        | Killed an orc knight
  1929 | D        | Reached skill level 9 in Invocations
  1929 | D        | Reached XP level 10. HP: 70/80 MP: 2/19
  2000 | D        | Noticed a bog body
  2006 | D        | Killed a bog body
  2007 | D        | Reached skill level 10 in Invocations
  2093 | D        | Noticed a boulder beetle
  2113 | D        | Killed a boulder beetle
  2176 | D        | Noticed Harold
  2199 | D        | Killed Harold
  2200 | D        | Reached skill level 11 in Invocations
  2382 | D        | Noticed a cyclops
  2396 | D        | Noticed an orange demon
  2398 | D        | Noticed a death yak
  2400 | D        | Killed an orange demon
  2423 | D        | Killed a death yak
  2424 | D        | Reached skill level 10 in Stealth
  2424 | D        | Reached XP level 11. HP: 25/89 MP: 8/20
  2644 | D        | Noticed a deep troll
  2644 | D        | Noticed a vampire knight
  2645 | D        | Paralysed by a vampire knight for 2 turns
  2658 | D        | Killed a vampire knight
  2659 | D        | Reached skill level 12 in Invocations
  2679 | D        | Reached skill level 10 in Fighting
  2730 | D        | Killed a deep troll
  3101 | D        | Noticed a two-headed ogre
  3102 | D        | Noticed a lindwurm
  3120 | D        | Killed a lindwurm
  3121 | D        | Reached skill level 10 in Dodging
  3121 | D        | Reached skill level 13 in Invocations
  3123 | D        | Killed a two-headed ogre
  3511 | D        | Noticed a death cob
  3517 | D        | Killed a death cob
  3518 | D        | Reached skill level 10 in Long Blades
  3518 | D        | Reached skill level 14 in Invocations
  3584 | D        | Noticed Polyphemus
  3595 | D        | Gained mutation: A meltable shield of frost defends you.
                  | (SH +4) [demonic ancestry]
  3595 | D        | Reached XP level 12. HP: 99/100 MP: 15/23
  3595 | D        | Killed Polyphemus
  3739 | D        | Noticed an alligator
  3739 | D        | Noticed an alligator
  3746 | D        | Killed an alligator
  3747 | D        | Reached skill level 15 in Invocations
  3747 | D        | Killed an alligator
  4116 | D        | Noticed a deep elf high priest
  4116 | D        | Noticed an iron dragon
  4116 | D        | Noticed a death cob
  4178 | D        | Noticed a frost giant
  4178 | D        | Noticed a frost giant
  4205 | D        | Killed a frost giant
  4528 | D        | Noticed a vampire mage
  4550 | D        | Killed a frost giant
  4586 | D        | Noticed a black draconian
  4614 | D        | Killed a black draconian
  4673 | D        | Noticed a lich
  4683 | D        | Killed a lich
  4684 | D        | Noticed a deep elf death mage
  4691 | D        | Killed a deep elf death mage
  4762 | D        | Noticed a deep elf sorcerer
  4774 | D        | Noticed a deep elf demonologist
  4776 | D        | Noticed a hell beast
  4776 | D        | Killed a deep elf sorcerer
  4778 | D        | Noticed a cacodemon
  4778 | D        | Killed a deep elf demonologist
  4848 | D        | Killed a vampire mage
  4849 | D        | Reached skill level 10 in Spellcasting
  4885 | D        | Noticed a deep elf annihilator
  4896 | D        | Killed a deep elf annihilator
  5130 | D        | Noticed a vampire mage
  5159 | D        | HP: 4/95 [something (5)]
  5159 | D        | Slain by a freezing wraith

Illustrated notes

Levels and vault maps discovered:
D:        pitsprint [storerooms_1, entrance_room_1, metal_vault_7, armoury_3,
          mini_pit_1, grid_room_1, main_hall_1, silver_pit, the_coven_2,
          the_vestibule_1, steel_vault_4, golden_pit, hallway_of_sentries,
          crystal_vault_4, iron_vault_5, final_vault]

Skill      XL: |  1  2  3  4  5  6  7  8  9 10 11 12 |
---------------+-------------------------------------+-----
Fighting       | 2 3 4 5 6 7 9 11 12 | 12.4
Dodging        | 2 3 4 5 6 7 9 10 | 10.3
Stealth        | 3 4 5 6 8 10 12 13 | 13.9
Conjurations   | 2 3 4 5 6 8 |  8.8
Summonings     | 2 3 4 5 |  5.1
Translocations | 2 3 4 |  4.6
Short Blades   | 1 2 3 4 5 |  5.2
Long Blades    | 1 2 3 4 6 8 10 12 | 12.3
Spellcasting   | 4 5 6 7 10 | 10.2
Air Magic      | 1 2 3 4 5 |  5.4
Poison Magic   | 1 2 3 4 5 |  5.4
Invocations    | 2 3 5 6 9 11 14 15 | 15.2
Armour         | 1 2 4 6 7 9 |  9.4

Action                   |  1- 3 |  4- 6 |  7- 9 | 10-12 || total
-------------------------+-------+-------+-------+-------++-------
Melee: Dagger            |     6 |       |     7 |    24 ||    37
       Falchion          |     6 |    22 |       |       ||    28
       Tailslap          |       |     8 |     4 |    39 ||    51
       Long sword        |       |    24 |    31 |    84 ||   139
       Punch             |       |     1 |       |     5 ||     6
       Scimitar          |       |       |       |    73 ||    73
       Rapier            |       |       |       |     9 ||     9
 Cast: Magic Dart        |     4 |       |       |     6 ||    10
       Mephitic Cloud    |       |       |       |     4 ||     4
Invok: Slouch            |       |       |     8 |    33 ||    41
       Bend Time         |       |       |       |     1 ||     1
  Use: Potion            |     1 |     3 |     2 |     8 ||    14
       Scroll            |     1 |       |       |     3 ||     4
 Stab: Sleeping          |     1 |     1 |       |     8 ||    10
       Distracted        |       |       |     2 |     1 ||     3
       Confused          |       |       |       |     1 ||     1
       Invisible         |       |       |       |     1 ||     1
Armor: Robe              |     2 |     9 |       |       ||    11
       Ring mail         |       |    10 |       |       ||    10
       Leather armour    |       |       |    10 |    49 ||    59
Dodge: Dodged            |     8 |    29 |    49 |   181 ||   267
Block: Other             |       |       |       |     7 ||     7

Table legend: (Time is in decaauts)
 A = Elapsed time spent in this place.
 B = Non-inter-level travel time spent in this place.
 C = Inter-level travel time spent in this place.
 D = Time resting spent in this place.
 E = Time spent auto-exploring this place.
 F = Levels seen in this place.
 G = Mean time per level.
                   A        B        C        D        E       F      G
               +--------+--------+--------+--------+--------+-----+--------+
         Total |   5872 |   5691 |    181 |   3826 |      0 |   1 | 5872.0 |
       Dungeon |   5872 |   5691 |    181 |   3826 |      0 |   1 | 5872.0 |
               +--------+--------+--------+--------+--------+-----+--------+

Top non-repeatable levels by time:
       D: 5872 daAuts
